 Dungeon Crawl Stone Soup version 0.16-a0-1333-g4c30825 (webtiles) character file.

310 Psiweapon the Conjurer (level 6, 0/32 HPs)
             Began as a Tengu Conjurer on Oct 16, 2014.
             Slain by Grinder (1 damage)
             ... on level 3 of the Dungeon.
             The game lasted 00:15:07 (2991 turns).

Psiweapon the Conjurer (Tengu Conjurer)             Turns: 2991, Time: 00:15:07

Health: 0/32       AC:  4    Str:  8    XL:     6   Next: 41%
Magic:  1/12       EV: 13    Int: 16    God:
Gold:   154        SH:  0    Dex: 16    Spells: 3 memorised, 3 levels left

rFire  . . .     SeeInvis .     x - +1 dagger
rCold  . . .     Clarity  .     w - +1 leather armour
rNeg   . . .     SustAb   .     (no shield)
rPois  .         Gourm    .     (helmet restricted)
rElec  .         Spirit   .     (no cloak)
rCorr  .         Warding  .     (no gloves)
rMut   .         Stasis   .     (boots unavailable)
MR     .....                    (no amulet)
Stlth  ++........               s - ring of invisibility
                                g - ring of flight

@: very slightly contaminated, not resistant to hostile enchantments, unstealthy
A: able to fly, beak, talons 3
a: Fly, Evoke Invisibility, Evoke Flight


You were on level 3 of the Dungeon.
You were hungry.

You visited 1 branch of the dungeon, and saw 3 of its levels.

You collected 154 gold pieces.

Inventory:

Hand weapons
 e - a +0 spear
 n - a +1 hand axe of freezing
 x - a +1 dagger (weapon)
Missiles
 h - 29 bolts
 k - 15 sling bullets
Armour
 a - a +0 robe
 w - a +1 leather armour (worn)
Jewellery
 g - a ring of flight (left hand)
 s - a ring of invisibility (right hand)
Scrolls
 i - a scroll of enchant weapon
 j - a scroll of recharging
 p - a scroll of noise
 q - 3 scrolls of amnesia {unknown}
 r - 2 scrolls of fog {unknown}
Potions
 d - a potion of cancellation
 v - a potion of poison
 z - a potion of mutation
Books
 b - a book of Debilitation

   Spells                             Type                      Level
   Corona                             Hexes                        1
   Slow                               Hexes                        2
   Inner Flame                        Hexes/Fire                   3
   Enslavement                        Hexes                        4
   Cause Fear                         Hexes                        4
   Leda's Liquefaction                Hexes/Earth                  4
 c - a book of Conjurations

   Spells                             Type                      Level
   *Magic Dart                        Conjuration                  1
   *Searing Ray                       Conjuration                  2
   *Dazzling Spray                    Conjuration/Hexes            3
   Fulminant Prism                    Conjuration/Hexes            4
   Iskenderun's Mystic Blast          Conjuration                  4
   Iskenderun's Battlesphere          Conjuration/Charms           5
Comestibles
 f - a chunk of worm flesh
 l - a beef jerky
 m - a chunk of giant cockroach flesh
 o - a bread ration


   Skills:
 - Level 5.3 Dodging
 - Level 2.0 Stealth
 - Level 2.0 Spellcasting
 + Level 7.8 Conjurations
 + Level 0.2 Evocations


You had 3 spell levels left.
You knew the following spells:

 Your Spells              Type           Power        Failure   Level  Hunger
a - Magic Dart            Conj           ####         1%          1    #......
b - Searing Ray           Conj           ####..       1%          2    ###....
c - Dazzling Spray        Conj/Hex       ##......     14%         3    ###....


Dungeon Overview and Level Annotations

Branches:
Dungeon (3/15)

Altars:
Trog
The Shining One

Annotations:
D:3 Grinder


Innate Abilities, Weirdness & Mutations

You can fly.
You have a beak for a mouth.
You have claws for feet.


Message History

* * * LOW HITPOINT WARNING * * *
The giant newt bites you but does no damage.
Drink which item? (? for menu, Esc to quit)
Okay, then.
You strike the helpless Grinder from behind!
You hit Grinder.
Grinder is moderately wounded.
Grinder is no longer blind.
Grinder barely misses you. The giant newt completely misses you.
Casting: Dazzling Spray
Confirm with . or Enter, or press ? or * to list all spells.
Aiming: Dazzling Spray
Press: ? - help, Shift-Dir - straight line, f/p - Grinder
Aim: Grinder (moderately wounded, unusually strong)
The spray of energy hits Grinder.
Grinder is heavily wounded.
Grinder hits you!
* * * LOW HITPOINT WARNING * * *
You writhe in agony.
You die...

...........
#......###
...........
#)##.#.#
..........#
#....#.#
>.........#
####<..#
..........#######
#####
.....>..........##
.................##
###...............#
............♣#♣l@.#
###.#......#####5.#
#.#.....'#.# #'..#
#.#....##..# .##.#
#.###.♣#.._# . ♣#
#.# #.######## #.#
#.♣ #.# #.. ...


You could see Grinder and a giant newt.

Vanquished Creatures
  A hungry ghost (D:3)
  An orc wizard (D:2)
  A worker ant zombie (D:3)
  5 adders (D:2)
  4 worms
  2 giant geckos (D:3)
  An orc (D:3)
  3 giant cockroaches
  4 hobgoblins
  7 kobolds
  2 quokkas (D:2)
  2 ball pythons
  6 bats
  6 giant newts (D:2)
  8 goblins
  9 jackals
  6 rats
68 creatures vanquished.

Notes
Turn   | Place    | Note
--------------------------------------------------------------
     0 | D:1      | Psiweapon, the Tengu Conjurer, began the quest for the Orb.
     0 | D:1      | Reached XP level 1. HP: 10/10 MP: 3/3
   155 | D:1      | Reached XP level 2. HP: 15/15 MP: 0/5
   684 | D:2      | Learned a level 2 spell: Searing Ray
   724 | D:2      | Reached XP level 3. HP: 19/19 MP: 1/7
   730 | D:2      | Reached skill level 6 in Conjurations
   889 | D:2      | Found a bloodstained altar of Trog.
  1064 | D:2      | Found a glowing golden altar of the Shining One.
  1186 | D:2      | Reached XP level 4. HP: 21/24 MP: 1/8
  1649 | D:2      | Reached XP level 5. HP: 28/28 MP: 0/11
  1754 | D:2      | Learned a level 3 spell: Dazzling Spray
  2402 | D:3      | Noticed a hungry ghost
  2441 | D:3      | Killed a hungry ghost
  2441 | D:3      | Reached skill level 5 in Dodging
  2441 | D:3      | Reached skill level 7 in Conjurations
  2441 | D:3      | Reached XP level 6. HP: 5/32 MP: 0/12
  2959 | D:3      | Found a glowing golden altar of the Shining One.
  2979 | D:3      | Noticed Grinder
  2991 | D:3      | HP: 1/32 [Grinder (8)]
  2991 | D:3      | Slain by Grinder

Action                   |  1- 3 |  4- 6 || total
-------------------------+-------+-------++-------
Melee: Spear             |    21 |    49 ||    70
       Dagger            |       |     5 ||     5
 Cast: Magic Dart        |    52 |    34 ||    86
       Searing Ray       |     1 |    10 ||    11
       Dazzling Spray    |       |     5 ||     5
  Use: Potion            |       |     3 ||     3
       Scroll            |       |     7 ||     7
 Stab: Sleeping          |     2 |     4 ||     6
       Invisible         |       |     2 ||     2
  Eat: Chunk             |     2 |     4 ||     6
       Pizza             |       |     2 ||     2
       Bread ration      |       |     1 ||     1
       Beef jerky        |       |     1 ||     1
